 Dungeon Crawl Stone Soup version 0.31.0-1-g2c135a008e (webtiles) character file.

Game seed: 9233313604895089262

268 qw the Shooter (level 6, -10/46 HPs)
             Began as a Djinni Hunter on Jan 24, 2024.
             Was a Follower of Okawaru.
             Mangled by a wight
             ... wielding a +0 dire flail
              (12 damage)
             ... in an ossuary.
             The game lasted 00:00:13 (2990 turns).

qw the Shooter (Djinni Hunter)                      Turns: 2990, Time: 00:00:13

Health: -10/46     AC:  8    Str: 16    XL:     6   Next: 46%
Gold:   143        EV: 11    Int: 11    God:    Okawaru [*.....] SH:  0 Dex: 15

rFire   + + +        a - +1 shortbow
rCold   x . .        (shield currently unavailable)
rNeg    . . .        i - +0 ring mail
rPois   inf          (no helmet)
rElec   +            b - +0 cloak
rCorr   +            (no gloves)
SInv    +            (boots unavailable)
Will    .....        d - amulet of the Moon {Faith rElec rPois MP+9 Dex-3}
Stlth   ++           c - ring "Catuuh" {rCorr Str+6 Stlth+}
HPRegen 0.27/turn    h - ring of protection from fire
MPRegen 0.00/turn

%: faith, infuse magic (-11 HP)
@: flying
A: sickness immunity, fire resistance 2, cold vulnerability 1, float, innate
caster, HP casting, extra vitality 1, iridescent scales 1, see invisible,
inability to read after injury 1
a: Renounce Religion, Heroism


You were in an ossuary.
You worshipped Okawaru.
Okawaru was aware of your devotion.
You visited 1 branch of the dungeon, and saw 4 of its levels.
You also visited: Ossuary.

You collected 143 gold pieces.


Innate Abilities, Weirdness & Mutations

You are immune to sickness and miasma.
You are immune to poison.
Your flesh is very heat resistant. (rF++)
You are vulnerable to cold. (rC-)
You float through the air rather than walking.
You learn spells naturally, not from books.
Your magical power is your life essence.
You have superior vitality. (+4 MHP)
You are partially covered in iridescent scales. (AC +2)
You have supernaturally acute eyesight. (SInv)
You occasionally lose the ability to read scrolls when taking damage.


   Skills:
 + Level 3.3 Fighting
 - Level 5.0 Ranged Weapons
 - Level 1.0 Armour
 - Level 3.0 Dodging
 - Level 0.7 Stealth
 + Level 1.3 Invocations


You knew the following spells:

 Your Spells              Type           Power      Damage    Failure   Level
a - Freeze                Ice            0%         1d3       56%         1
b - Jinxbite              Hex            0%         N/A       71%         2
Your spell library was empty.

Inventory:

Hand Weapons
 a - a +1 shortbow (weapon)
Armour
 b - a +0 cloak (worn)
 i - a +0 ring mail (worn)
Jewellery
 c - the ring "Catuuh" (left hand) {rCorr Str+6 Stlth+}
   (You acquired it on level 1 of the Dungeon)

   [ring of strength]

   Str+6:     It affects your strength (+6).
   rCorr:     It protects you from acid and corrosion.
   Stlth+:    It makes you more stealthy.
 d - the amulet of the Moon (around neck) {Faith rElec rPois MP+9 Dex-3}
   (You found it on level 2 of the Dungeon)

   [amulet of faith]

   Faith:     It allows you to gain divine favour quickly.
   Dex-3:     It affects your dexterity (-3).
   rElec:     It insulates you from electricity.
   rPois:     It protects you from poison MP+9: It affects your magic capacity
   (+9).
 h - a ring of protection from fire (right hand)
Scrolls
 j - a scroll of vulnerability {unknown}
 m - a scroll of identify
Potions
 f - a potion of resistance
 k - 4 potions of might
 l - 2 potions of lignification {unknown}
 o - a potion of curing {unknown}

Dungeon Overview and Level Annotations

Branches:
Dungeon (4/15)             Temple (0/1) D:4         Ossuary (1/1)

Altars:
Okawaru


Message History

The mummy is heavily damaged.
The mummy barely misses you.
You shoot an arrow. The arrow hits the mummy!
The mummy is almost destroyed.
The mummy closely misses you.
You shoot an arrow. The arrow hits the mummy!
You destroy the mummy!
Okawaru accepts your kill.
You start resting.
HP restored.
There is an open door here.
You reach down and open the door.
A wight comes into view. It is wielding a +0 dire flail.
Found a potion of heal wounds.
You shoot an arrow. The arrow hits the wight.
The wight is lightly damaged.
You shoot an arrow. The arrow barely misses the wight.
The wight hits you but does no damage.
The wight hits you with a +0 dire flail.
You shoot an arrow. The arrow hits the wight.
The wight is moderately damaged.
The wight hits you with a +0 dire flail!
You shoot an arrow. The arrow barely misses the wight.
The wight hits you with a +0 dire flail!
You shoot an arrow. The arrow barely misses the wight.
The wight hits you but does no damage.
You shoot an arrow. The arrow barely misses the wight.
The wight hits you with a +0 dire flail. x2
You shoot an arrow. The arrow hits the wight.
The wight is severely damaged.
The wight hits you with a +0 dire flail!
You shoot an arrow. The arrow closely misses the wight.
The wight hits you with a +0 dire flail.
You shoot an arrow. The arrow closely misses the wight.
The wight completely misses you.
You shoot an arrow.
The arrow hits the wight but does no damage.
The wight is severely damaged.
The wight hits you with a +0 dire flail!
You die...

##...'...'.##
##..###...#..##
#...####'###).#
#+#..# ### ##.##
##^##.# #..#
#...#.# ##.##
+.!.'.##### #..#
#...#..##.###
#.##
##@###..##''###'#
#z# ##..#...##.#
#.# #'.'.?.'..#
!.# #^###...####
#.##.# ##'##
#+#.# #.# +# ##.#
#..# ##.##


You could see a wight.

Vanquished Creatures
  A wight (Ossuary)
  2 centaur skeletons (Ossuary)
  4 mummies (Ossuary)
  4 adders (D:3)
  A dart slug (D:4)
  2 ribbon worms (D:2)
  3 orcs
  9 endoplasms
  3 giant cockroaches
  4 goblins
  6 hobgoblins
  2 quokkas
  5 ball pythons
  6 bats
  4 frilled lizards
  2 gnoll skeletons (Ossuary)
  5 kobolds
  A kobold skeleton (Ossuary)
  An orc skeleton (Ossuary)
  7 rats
  A spectral goblin (D:2)
73 creatures vanquished.

Notes
Turn   | Place    | Note
-------+----------+-------------------------------------------
     0 | D:1      | qw the Djinni Hunter began the quest for the Orb.
     0 | D:1      | Reached XP level 1. HP: 18/18 MP: 0/0
     0 | D:1      | 0 ||| qw: Version: 0.3-a-136-gdd3b4e8
     0 | D:1      | 0 ||| qw: Game counter: 1374
     0 | D:1      | 0 ||| qw: Melee chars always use a shield: true
     0 | D:1      | 0 ||| qw: God list: Okawaru
     0 | D:1      | 0 ||| qw: Allow faded altars: false
     0 | D:1      | 0 ||| qw: Do Orc after clearing Dungeon:15 true
     0 | D:1      | 0 ||| qw: Do second Lair branch before Depths: true
     0 | D:1      | 0 ||| qw: Lair rune preference: random
     0 | D:1      | 0 ||| qw: Goals: Normal
     0 | D:1      | 0 ||| PLANNING D:1-11
   163 | D:1      | Reached XP level 2. HP: 23/23 MP: 0/0
   814 | D:1      | Reached skill level 4 in Ranged Weapons
   814 | D:1      | Reached XP level 3. HP: 23/28 MP: 0/0
   814 | D:1      | Learned a level 1 spell: Freeze
   848 | D:1      | 848 ||| UPGRADING to +0 ring mail.
   858 | D:1      | 858 ||| DROPPING +0 leather armour.
   859 | D:1      | 859 ||| READING scroll labelled VEMOEV LEBROERGH.
   859 | D:1      | 859 ||| IDENTIFYING glowing puce potion
   860 | D:1      | 860 ||| DRINKING potion of mutation.
   860 | D:1      | Gained mutation: Potions are less effective at restoring
                  | your health. [potion of mutation]
   860 | D:1      | Gained mutation: You occasionally lose the ability to read
                  | scrolls when taking damage. [potion of mutation]
   860 | D:1      | Gained mutation: You possess an exceptional clarity of
                  | mind. [potion of mutation]
   861 | D:1      | 861 ||| READING scroll labelled HATIPR VOLEAWN.
   865 | D:1      | 865 ||| READING 2 scrolls labelled SIUCU RUATEAG.
   866 | D:1      | 866 ||| READING scroll labelled POSIJI PAAXUIK.
   867 | D:1      | 867 ||| READING scroll labelled XIAPEWK HIAJ.
   867 | D:1      | 867 ||| ENCHANTING +0 shortbow.
   868 | D:1      | 868 ||| READING scroll labelled FAROGH ERHO.
   868 | D:1      | Identified a scroll of acquirement
   868 | D:1      | 868 ||| ACQUIRING ring "Catuuh" {rCorr Str+6 Stlth+}
   868 | D:1      | Acquired the ring "Catuuh" {rCorr Str+6 Stlth+}
   870 | D:1      | 870 ||| UPGRADING to ring "Catuuh" {rCorr Str+6 Stlth+}.
   871 | D:1      | 871 ||| READING scroll labelled UZXIAH QUKO.
   872 | D:1      | 872 ||| DROPPING scroll of butterflies.
   873 | D:1      | 873 ||| DROPPING scroll of poison.
  1036 | D:2      | Reached skill level 1 in Armour
  1086 | D:2      | Identified the flux talisman of the Mackerel {rPois rF-
                  | Str+3 Dex+3}
  1095 | D:2      | Found a faded altar of an unknown god.
  1118 | D:2      | Found an iron altar of Okawaru.
  1119 | D:2      | 1119 ||| PLANNING OKAWARU WORSHIP
  1119 | D:2      | 1119 ||| READING scroll labelled MAGEUPE KETHRU.
  1119 | D:2      | 1119 ||| ENCHANTING +0 shortbow.
  1120 | D:2      | 1120 ||| DRINKING 3 white potions.
  1128 | D:2      | Became a worshipper of Warmaster Okawaru
  1129 | D:2      | 1129 ||| PLANNING D:1-11
  1301 | D:2      | Identified the amulet of the Moon {Faith rElec rPois MP+9
                  | Dex-3}
  1739 | D:2      | 1739 ||| UPGRADING to +0 cloak.
  1744 | D:2      | 1744 ||| UPGRADING to amulet of the Moon {Faith rElec rPois
                  | MP+9 Dex-3}.
  1808 | D:3      | 1808 ||| STAIRDANCE
  1840 | D:3      | Reached XP level 4. HP: 34/34 MP: 0/0
  1905 | D:3      | Reached skill level 3 in Fighting
  2285 | D:3      | Reached XP level 5. HP: 40/40 MP: 0/0
  2285 | D:3      | Learned a level 2 spell: Jinxbite
  2381 | D:3      | 2381 ||| UPGRADING to ring of see invisible.
  2382 | D:3      | 2382 ||| READING 3 scrolls of identify.
  2382 | D:3      | 2382 ||| IDENTIFYING murky green potion
  2383 | D:3      | 2383 ||| READING 2 scrolls of identify.
  2383 | D:3      | 2383 ||| IDENTIFYING green potion
  2384 | D:3      | 2384 ||| READING scroll of identify.
  2384 | D:3      | 2384 ||| IDENTIFYING puce potion
  2385 | D:3      | 2385 ||| READING scroll labelled MITUDA JASHYIZ.
  2386 | D:3      | 2386 ||| READING scroll labelled ZASEYBEHAUS.
  2387 | D:3      | 2387 ||| DROPPING potion of attraction.
  2401 | D:4      | 2401 ||| PLANNING OSSUARY
  2405 | D:4      | Found a staircase to the Ecumenical Temple.
  2444 | D:4      | 2444 ||| DRINKING potion of mutation.
  2444 | D:4      | Lost mutation: You occasionally lose the ability to read
                  | scrolls when taking damage. [potion of mutation]
  2444 | D:4      | Lost mutation: Potions are less effective at restoring your
                  | health. [potion of mutation]
  2444 | D:4      | Lost mutation: You possess an exceptional clarity of mind.
                  | [potion of mutation]
  2444 | D:4      | Gained mutation: You have supernaturally acute eyesight.
                  | (SInv) [potion of mutation]
  2444 | D:4      | Gained mutation: You occasionally lose the ability to read
                  | scrolls when taking damage. [potion of mutation]
  2444 | D:4      | Gained mutation: You are partially covered in iridescent
                  | scales. (AC +2) [potion of mutation]
  2445 | D:4      | 2445 ||| REMOVING ring of see invisible.
  2531 | D:4      | Found a sand-covered staircase.
  2532 | D:4      | 2532 ||| UPGRADING to ring of protection from fire.
  2533 | D:4      | 2533 ||| DROPPING ring of see invisible.
  2534 | D:4      | 2534 ||| READING scroll of identify.
  2534 | D:4      | 2534 ||| IDENTIFYING orange potion
  2535 | D:4      | 2535 ||| DROPPING potion of brilliance.
  2546 | Ossuary  | Entered an ossuary
  2698 | Ossuary  | Reached skill level 5 in Ranged Weapons
  2820 | Ossuary  | Reached XP level 6. HP: 46/46 MP: 0/0
  2827 | Ossuary  | Reached * piety under Okawaru
  2850 | Ossuary  | Reached skill level 3 in Dodging
  2885 | Ossuary  | HP: 11/46 [wight/+0 scimitar (6)]
  2886 | Ossuary  | 2886 ||| READING scroll of teleportation.
  2887 | Ossuary  | 2887 ||| DRINKING potion of heal wounds.
  2941 | Ossuary  | Reached skill level 1 in Invocations
  2987 | Ossuary  | HP: 4/46 [wight/+0 dire flail (10)]
  2990 | Ossuary  | Mangled by a wight

Levels and vault maps discovered:
D:1:      tekkud_arrival_beachfront_property, layout_basic, minmay_quantized
D:2:      layout_basic, basic_altar, dreamdust_ecumenical_altar_drowned_temple
D:3:      layout_loops_cross, minmay_three_crescents
D:4:      cheibrodos_thug_alley, layout_cave_pools, minmay_temple_entry_trees,
          nicolae_ossuary_entry_monument, serial_forest,
          infiniplex_forest_zigzag_1, infiniplex_forest_clump_tiny,
          infiniplex_forest_corner_1, infiniplex_forest_clump_small,
          infiniplex_forest_lined_2, infiniplex_forest_zigzag_1,
          infiniplex_forest_lined_2, infiniplex_forest_lined_room_2,
          chequers_serial_rivers_large_b
Ossuary:  ossuary_due_small_catacomb

Skill      XL: |  1  2  3  4  5  6 |
---------------+-------------------+-----
Ranged Weapons | 4 5 |  5.0
Armour         | 1 |  1.0
Fighting       | 3 |  3.3
Dodging        | 3 |  3.0
Invocations    | 1 |  1.3
Stealth        | |  0.7

Action                     |  1- 3 |  4- 6 || total
---------------------------+-------+-------++-------
   Fire: Shortbow          |    98 |   165 ||   263
    Use: Scroll            |     8 |     7 ||    15
         Potion            |     2 |     2 ||     4
 Armour: Leather armour    |    11 |       ||    11
         Ring mail         |    11 |    62 ||    73
  Dodge: Dodged            |    33 |    53 ||    86

Table legend:
 A = Non-vault XP
 B = Vault XP
 C = Vault XP percentage of total XP
 D = Non-vault monster count
 E = Vault monster count
 F = Vault count percentage of total count
                 A         B        C        D         E       F
            +---------+---------+-------+---------+---------+-------
      Total |     132 |     252 |  65.6 |      53 |      20 |  27.4
            +---------+---------+-------+---------+---------+-------
        D:1 |      29 |       3 |   9.4 |      18 |       2 |  10.0
        D:2 |      27 |       1 |   3.6 |      12 |       1 |   7.7
        D:3 |      61 |      20 |  24.7 |      16 |       6 |  27.3
        D:4 |      15 |       0 |   0.0 |       7 |       0 |   0.0
    Ossuary |       0 |     228 | 100.0 |       0 |      11 | 100.0
            +---------+---------+-------+---------+---------+-------
